 Dungeon Crawl Stone Soup version 0.29-a0-813-g4a14ea37d6 (webtiles) character file.

Game seed: 13003921403102110242

1449 zeratav the Skirmisher (level 8, -8/37 HPs)
             Began as a Spriggan Hunter on July 4, 2022.
             Mangled by a killer bee (9 damage)
             ... on level 8 of the Dungeon.
             The game lasted 00:07:20 (4416 turns).

zeratav the Skirmisher (Spriggan Hunter)            Turns: 4416, Time: 00:07:20

Health: -8/37      AC:  2    Str:  7    XL:     8   Next: 47%
Magic:  9/9        EV: 19    Int: 10    God:
Gold:   281        SH:  0    Dex: 27    Spells: 7/7 levels left

rFire   . . .      SeeInvis +   a - +0 shortbow {bow}
rCold   . . .      Faith    .   (shield currently unavailable)
rNeg    . . .      Spirit   .   c - +0 robe
rPois   .          Reflect  .   (helmet restricted)
rElec   .          Harm     .   (no cloak)
rCorr   .          Rampage  .   (gloves unavailable)
Will    +....                   (boots unavailable)
Stlth   ++++......              (no amulet)
HPRegen 0.12/turn               q - +6 ring of dexterity
MPRegen 0.11/turn               (no ring)

@: lethally poisoned (-8 -> -12), hasted, very quick
A: very small, no large weapons, unfitting armour, see invisible, speed 3
a: no special abilities


You were on level 8 of the Dungeon.
You visited 2 branches of the dungeon, and saw 7 of its levels.

You collected 281 gold pieces.


Innate Abilities, Weirdness & Mutations

You are very small and have problems with some larger weapons.
You are too small for most types of armour.
You have supernaturally acute eyesight. (SInv)
You cover ground extremely quickly. (Speed+++)


   Skills:
 - Level 1.5 Fighting
 + Level 10.9 Ranged Weapons
 - Level 2.6 Dodging
 - Level 5.0 Stealth


You had 7 spell levels left.
You didn't know any spells.
Your spell library contained the following spells:

 Spells                   Type           Power      Damage    Failure   Level
 Leda's Liquefaction      Hex/Erth       0%         N/A       98%         4
 Lee's Rapid Deconstruct  Erth           0%         3d5*      100%        5
 Statue Form              Tmut/Erth      0%         N/A       100%        6

Inventory:

Hand Weapons
 a - a +0 shortbow (weapon) {bow}
Armour
 c - a +0 robe (worn)
Jewellery
 q - a +6 ring of dexterity (left hand)
   (You found it on level 3 of the Dungeon)
 t - a ring of resist corrosion
   (You found it on level 4 of the Dungeon)
Wands
 n - a wand of flame (12)
   (You found it on level 2 of the Dungeon)
Scrolls
 b - 2 scrolls of immolation {!r!r}
 g - a scroll of poison {!r}
 j - a scroll of fear
 k - a scroll of torment {!r}
 m - 3 scrolls of vulnerability {!r!r}
 r - 2 scrolls of blinking {!r}
 s - a scroll of enchant armour {unknown}
 u - a scroll of teleportation {unknown}
 y - a scroll of enchant weapon {unknown}
Potions
 e - a potion of heal wounds {unknown}
 f - 3 potions of brilliance
 h - 3 potions of mutation {!q}
 i - 2 potions of degeneration {unknown}
 l - a potion of attraction {unknown}
 o - a potion of haste {@q3}
 p - a potion of berserk rage {unknown}
 w - 2 potions of magic {unknown}
 x - a potion of lignification {unknown}

Dungeon Overview and Level Annotations

Branches:
Dungeon (8/15) Zot: 26871  Temple (1/1) D:4 Zot: 5921
   Lair: D:8-11

Altars:
Fedhas
Gozag
Kikubaaqudgha
Okawaru
Qazlal
Trog
Uskayaw
Vehumet
Yredelemnul
Zin
The Shining One

Annotations:
D:3 3 runed translucent doors, Brotato's ghost, amateur DjCj
D:8 exclusion: 4 doors

#.# #..##### . #.# #......# ##.
#.####.###.# #.. #......# #.#
#.# ######## #.# #.# ##+## #.#
#.# #...## #.# #######.# .....##
### #.# #.......# ......##
##.###@# #.####..#
.......####...##y####.###...####
....x..+.......§§☼.y)..........+
.......####...##§####.###...####
......## ###.###.# #.# #...#
.....## #.......# #.# #.#.#
#...## #.#####.# #....c..# ##+##
#.# #.# #####.### #.# #.# #..


You could see a killer bee (extremely poisoned).


Message History

Press: ? - help, Q - select action, (/) - cycle Shift-Dir - straight line, f/p - killer bee
Aim: a killer bee (lightly wounded, 48% to hit)
You shoot an arrow. The arrow hits the killer bee!
The killer bee misses you. The killer bee completely misses you.
Fire: a) +0 shortbow {bow}
Press: ? - help, Q - select action, (/) - cycle Shift-Dir - straight line, f/p - killer bee
Aim: a killer bee (heavily wounded, 48% to hit)
You shoot an arrow. The arrow hits the killer bee.
The killer bee completely misses you.
The killer bee stings you but does no damage.
Fire: a) +0 shortbow {bow}
Press: ? - help, Q - select action, (/) - cycle Shift-Dir - straight line, f/p - killer bee
Aim: a killer bee (severely wounded, 48% to hit)
You shoot an arrow. The arrow hits the killer bee!
You kill the killer bee!
The killer bee stings you.
* * * LOW HITPOINT WARNING * * *
HP[-3]
You take 3 damage, and now have 1/37 hp.
You feel better. The killer bee completely misses you.
The killer bee closely misses you.
HP[+8]
You regained 8 hp, and now have 9/37 hp.
As you read the scroll of identify {@r1}, it crumbles to dust.
f - 3 potions of brilliance The killer bee closely misses you. x2
As you read the scroll of identify {@r1}, it crumbles to dust.
h - 3 potions of mutation The killer bee completely misses you.
The killer bee misses you.
HP[+1]
Okay, then.
Really read
g - 2 scrolls of poison {!r}?
Really read the scroll of poison?
You can't even see any enemies this would affect.
The air fills with toxic fumes!
As you read the scroll of poison {!r}, it crumbles to dust.
The killer bee stings you.
* * * LOW HITPOINT WARNING * * *
The killer bee barely misses you.
HP[-1]
You take 1 damage, and now have 9/37 hp.
Really walk into that cloud of poison gas?
You are engulfed in poison gas.
You are lethally poisoned!
* * * LOW HITPOINT WARNING * * *
x2 You feel sick.
The killer bee stings you.
* * * LOW HITPOINT WARNING * * *
HP[-4]
You take 4 damage, and now have 5/37 hp.
You feel better.
You are engulfed in poison gas.
You are lethally poisoned!
* * * LOW HITPOINT WARNING * * *
You feel very sick. The killer bee completely misses you.
The killer bee misses you.
HP[+6]
You regained 6 hp, and now have 11/37 hp.
The killer bee attacks as you move away!
The killer bee misses you.
You are engulfed in poison gas.
You are more poisoned.
* * * LOW HITPOINT WARNING * * *
x2 You feel very sick.
HP[-8]
You take 8 damage, and now have 3/37 hp.
MASSIVE DAMAGE!! (PAUSE)
You feel better.
You are engulfed in poison gas.
You are lethally poisoned!
* * * LOW HITPOINT WARNING * * *
x2 You feel very sick.
HP[+3]
You regained 3 hp, and now have 6/37 hp.
You are engulfed in poison gas.
You are more poisoned.
* * * LOW HITPOINT WARNING * * *
You feel very sick.
HP[-4]
You take 4 damage, and now have 2/37 hp.
You feel better.
You are engulfed in poison gas.
You are poisoned.
* * * LOW HITPOINT WARNING * * *
x2 You feel sick.
The killer bee is engulfed in poison gas.
The killer bee is poisoned.
The killer bee is engulfed in poison gas.
The killer bee looks even sicker.
The killer bee closely misses you.
HP[+2]
You regained 2 hp, and now have 4/37 hp.
The killer bee attacks as you move away!
The killer bee closely misses you.
* * * LOW HITPOINT WARNING * * *
You feel sick.
The killer bee is engulfed in poison gas.
The killer bee looks even sicker.
HP[-2]
You take 2 damage, and now have 2/37 hp.
It was a potion of haste.
You feel yourself speed up.
* * * LOW HITPOINT WARNING * * *
You feel sick.
The killer bee is engulfed in poison gas.
The killer bee looks as sick as possible!
The killer bee stings you!
You die...

Skill      XL: |  1  2  3  4  5  6  7  8 |
---------------+-------------------------+-----
Ranged Weapons | 5 6 7 8 10 | 10.9
Stealth        | 3 5 |  5.0
Fighting       | |  1.5
Dodging        | |  2.6

Action                   |  1- 3 |  4- 6 |  7- 9 || total
-------------------------+-------+-------+-------++-------
 Fire: Shortbow          |   104 |   132 |   122 ||   358
  Use: Scroll            |       |     5 |     3 ||     8
       Potion            |       |       |     8 ||     8
Armor: Robe              |     1 |     6 |    10 ||    17
Dodge: Dodged            |    20 |    31 |    70 ||   121

Levels and vault maps discovered:
D:1:      saegor_arrival_simple_b, layout_loops_ring,
          shapermc_ecumenical_altar_notcrosses, solitary_fountain,
          minmay_worlds_worst_comb
D:2:      kb_forest_paths, layout_basic
D:3:      layout_basic, lemuel_round_altar, gammafunk_ghost_nasty_kobolds,
          chequers_serial_rivers_micro_d
D:4:      layout_basic, minmay_temple_entry_nine_rooms, uniq_robin
D:5:      layout_loops_ring, yredelemnul_altar_generic,
          nicolae_overflow_hidden_temple, minmay_increasing_density,
          uniq_sigmund, uniq_crazy_yiuf_cottage
D:8:      layout_loops_corners, nicolae_hepliaklqana_hazy_memory, serial_shops,
          shop, serial_bayou_pond_d, kennysheep_generic_room_14
Temple:   nicolae_temple_figure_zero

Notes
Turn   | Place    | Note
-------+----------+-------------------------------------------
     0 | D:1      | zeratav the Spriggan Hunter began the quest for the Orb.
     0 | D:1      | Reached XP level 1. HP: 10/10 MP: 2/2
     0 | D:1      | magus.rc [v1.9.6]
   233 | D:1      | Reached XP level 2. HP: 14/14 MP: 3/3
   550 | D:1      | Found a faded altar of an unknown god.
   775 | D:2      | Reached skill level 5 in Ranged Weapons
   776 | D:2      | Reached XP level 3. HP: 18/18 MP: 4/4
  1300 | D:2      | Reached XP level 4. HP: 22/22 MP: 5/5
  1552 | D:3      | Found an iron altar of Okawaru.
  1617 | D:3      | Reached skill level 6 in Ranged Weapons
  2187 | D:3      | Noticed a kobold brigand
  2188 | D:3      | Found a runed translucent gate.
  2189 | D:3      | Found a runed translucent gate.
  2189 | D:3      | Noticed Brotato's ghost (amateur DjCj)
  2190 | D:3      | Found a runed translucent gate.
  2403 | D:4      | Reached XP level 5. HP: 25/25 MP: 6/6
  2659 | D:4      | Noticed an ogre
  2672 | D:4      | Killed an ogre
  2673 | D:4      | Reached skill level 7 in Ranged Weapons
  2673 | D:4      | Reached XP level 6. HP: 30/30 MP: 7/7
  2705 | D:4      | You pick up a book of the Earth and begin reading...
  2705 | D:4      | You add the spells Leda's Liquefaction, Lee's Rapid
                  | Deconstruction and Statue Form to your library.
  2958 | D:4      | Found a staircase to the Ecumenical Temple.
  2965 | Temple   | Entered the Ecumenical Temple
  3217 | D:4      | Noticed Robin
  3245 | D:4      | Killed Robin
  3359 | D:5      | Entered Level 5 of the Dungeon
  3363 | D:5      | Noticed Sigmund
  3368 | D:5      | Reached skill level 8 in Ranged Weapons
  3383 | D:5      | Killed Sigmund
  3384 | D:5      | Reached XP level 7. HP: 22/33 MP: 8/8
  3387 | D:5      | Found a basalt altar of Yredelemnul.
  3613 | D:5      | Reached skill level 9 in Ranged Weapons
  3891 | D:5      | Reached skill level 10 in Ranged Weapons
  4044 | D:5      | Reached skill level 3 in Stealth
  4083 | D:5      | Reached XP level 8. HP: 33/37 MP: 9/9
  4158 | D:5      | Reached skill level 4 in Stealth
  4235 | D:5      | You fall into a shaft and drop 3 floors!
  4288 | D:8      | Reached skill level 5 in Stealth
  4329 | D:8      | Noticed an unseen horror
  4393 | D:8      | HP: 6/37 [centaur (4)]
  4398 | D:8      | HP: 3/37 [killer bee (1)]
  4404 | D:8      | HP: 1/37 [killer bee (3)]
  4409 | D:8      | HP: 8/37 [cloud of poison gas (1)]
  4411 | D:8      | HP: 3/37 [poisoned by you (poison gas)]
  4416 | D:8      | HP: 1/37 [poisoned by you (poison gas)]
  4416 | D:8      | Mangled by a killer bee

Vanquished Creatures
  Sigmund (D:5)
  A yak (D:8)
  An orc warrior (D:5)
  An ogre (D:4)
  A centaur (D:8)
  A necrophage (D:5)
  5 scorpions
  3 killer bees (D:8)
  4 hounds
  A jelly (D:5)
  2 iguanas
  An orc wizard (D:5)
  Robin (D:4)
  6 adders
  An ufetubus (D:5)
  3 worms (D:2)
  2 dart slugs (D:1)
  8 orcs
  7 endoplasms
  6 giant cockroaches
  7 goblins
  10 hobgoblins
  8 jackals
  3 quokkas
  2 ball pythons (D:3)
  8 bats
  A frilled lizard (D:2)
  6 kobolds
  8 rats
109 creatures vanquished.

Vanquished Creatures (others)
  A fungus (D:3)
  3 plants (D:3)
4 creatures vanquished.

Grand Total: 113 creatures vanquished

Table legend:
 A = Non-vault XP
 B = Vault XP
 C = Vault XP percentage of total XP
 D = Non-vault monster count
 E = Vault monster count
 F = Vault count percentage of total count
                 A         B        C        D         E       F
            +---------+---------+-------+---------+---------+-------
      Total |    1367 |     704 |  34.0 |      84 |      25 |  22.9
            +---------+---------+-------+---------+---------+-------
        D:1 |      30 |       6 |  16.7 |      16 |       3 |  15.8
        D:2 |      64 |      12 |  15.8 |      20 |       6 |  23.1
        D:3 |      83 |       0 |   0.0 |      21 |       0 |   0.0
        D:4 |     308 |      27 |   8.1 |      11 |       7 |  38.9
        D:5 |     388 |     659 |  62.9 |      11 |       9 |  45.0
        D:8 |     494 |       0 |   0.0 |       5 |       0 |   0.0
            +---------+---------+-------+---------+---------+-------

Illustrated notes

Table legend:
 A = Kills in this place as a percentage of kills in entire the game.
 B = Kills by you in this place as a percentage of kills by you in the entire game.
 C = Kills by friends in this place as a percentage of kills by friends in the entire game.
 D = Other kills in this place as a percentage of other kills in the entire game.
 E = Experience gained in this place as a percentage of experience gained in the entire game.
 F = Experience gained in this place divided by the number of levels of this place that you have seen.
                   A       B       C       D       E      F
               +-------+-------+-------+-------+-------+----------------------
         Total | 100.0 | 100.0 |   N/A |   N/A | 100.0 | 295.9
       Dungeon | 100.0 | 100.0 |   N/A |   N/A | 100.0 | 345.2
               +-------+-------+-------+-------+-------+----------------------

Table legend: (Time is in decaauts)
 A = Elapsed time spent in this place.
 B = Non-inter-level travel time spent in this place.
 C = Inter-level travel time spent in this place.
 D = Time resting spent in this place.
 E = Time spent auto-exploring this place.
 F = Levels seen in this place.
 G = Mean time per level.
                   A        B        C        D        E       F      G
               +--------+--------+--------+--------+--------+-----+--------+
         Total |   3278 |   3216 |     62 |    366 |   2152 |   7 |  468.3 |
       Dungeon |   3199 |   3144 |     55 |    366 |   2081 |   6 |  533.2 |
        Temple |     78 |     71 |      7 |      0 |     70 |   1 |   78.0 |
               +--------+--------+--------+--------+--------+-----+--------+

Top non-repeatable levels by time:
     D:4: 799 daAuts
     D:3: 637 daAuts
     D:5: 573 daAuts
     D:1: 538 daAuts
     D:2: 523 daAuts
     D:8: 127 daAuts
  Temple: 78 daAuts
